 Dungeon Crawl Stone Soup version 0.32-a0-933-ga8fa363 (webtiles) character file.

Game seed: 242730173610666238

301 edsrzf the Cleaver (level 6, -3/51 HPs)
             Began as a Mountain Dwarf Berserker on Apr 14, 2024.
             Was a Believer of Trog.
             Incinerated by a bombardier beetle (6 damage)
             ... with a burning spray
             ... on level 4 of the Dungeon.
             The game lasted 00:04:30 (2844 turns).

edsrzf the Cleaver (Mountain Dwarf Berserker)       Turns: 2844, Time: 00:04:30

Health: -3/51      AC:  9    Str: 22    XL:     6   Next: 14%
Magic:  6/6        EV:  7    Int:  7    God:    Trog [**....]
Gold:   88         SH:  0    Dex:  9    Spells: 5/5 levels left

rFire   . . .        a - +0 hand axe
rCold   . . .        (no shield)
rNeg    . . .        p - +0 chain mail
rPois   .            (no helmet)
rElec   .            e - +0 cloak
rCorr   .            (no gloves)
SInv    .            (no boots)
Will    ++...        (no amulet) Stlth
                     (no ring)
HPRegen 1.28/turn    (no ring)
MPRegen 0.10/turn

%: no passive effects
@: on fire, strong-willed, regenerating, glowing
A: runic magic, artefact enchanting
a: Renounce Religion, Berserk, Trog's Hand


You were on level 4 of the Dungeon.
You worshipped Trog.
Trog was pleased with you.
You visited 1 branch of the dungeon, and saw 4 of its levels.

You collected 88 gold pieces.

Inventory:

Hand Weapons
 a - a +0 hand axe (weapon)
Missiles
 c - 49 stones (quivered)
 l - 9 poisoned darts
 r - 2 silver javelins
Armour
 b - a +0 animal skin
 e - a +0 cloak (worn)
 p - a +0 chain mail (worn)
Wands
 q - a wand of warping (8)
Scrolls
 f - 2 scrolls of teleportation
 h - a scroll of enchant weapon {unknown}
 i - a scroll of fear {unknown}
 k - a scroll of noise {unknown}
 m - a scroll of enchant armour {unknown}
Potions
 g - a potion of enlightenment


   Skills:
 - Level 3.2 Fighting
 + Level 8.4 Axes
 - Level 2.1 Armour
 - Level 1.3 Dodging


You had 5 spell levels left.
You didn't know any spells.
Your spell library was empty.

Dungeon Overview and Level Annotations

Branches:
Dungeon (4/15)
 Temple: D:4-7

Altars:
Ashenzari
Wu Jian
Zin


Innate Abilities, Weirdness & Mutations

Your spellcasting is much less encumbered by armour.
You can use scrolls of enchantment on lesser artefacts.


Message History

o - a potion of degeneration Your surroundings suddenly seem different.
A kobold comes into view. It is wielding a +0 dagger.
The kobold shouts!
The kobold throws a stone.
The stone hits you but does no damage.
Unknown command.
You drop a potion of degeneration.
The kobold hits you but does no damage.
You barely miss the kobold. You slash the kobold!
You kill the kobold!
Trog accepts your kill.
Found a stone staircase leading up.
c - 49 stones (gained 1)
You see here a +0 dagger.
Found a stone staircase leading up.
A bombardier beetle comes into view.
A hobgoblin comes into view.
The hobgoblin shouts!
The bombardier beetle sprays incendiary fluid at you.
The burning spray hits you.
You are covered in liquid fire!
You shake off some of the fire as you move.
The liquid fire burns you!
You shake off some of the fire as you move.
The liquid fire burns you!
You hit the bombardier beetle but do no damage.
The liquid fire burns you!
You hit the bombardier beetle but do no damage.
The liquid fire burns you!
The bombardier beetle sprays incendiary fluid at you.
The burning spray hits you.
You are even more covered in liquid fire!
You barely miss the bombardier beetle. The liquid fire burns you!
The bombardier beetle sprays incendiary fluid at you.
The burning spray hits you.
You are even more covered in liquid fire!
You hit the bombardier beetle but do no damage.
You barely miss the hobgoblin. The liquid fire burns you!
The hobgoblin hits you but does no damage.
You hit the bombardier beetle.
The bombardier beetle is moderately wounded.
You hit the hobgoblin. The liquid fire burns you!
The hobgoblin barely misses you.
The bombardier beetle sprays incendiary fluid at you.
The burning spray hits you.
You are even more covered in liquid fire!
You hit the bombardier beetle.
The bombardier beetle is heavily wounded.
You hit the hobgoblin.
You kill the hobgoblin!
Trog accepts your kill. The liquid fire burns you!
You hit the bombardier beetle.
The bombardier beetle is severely wounded.
The liquid fire burns you!
The bombardier beetle bites you but does no damage.
You hit the bombardier beetle but do no damage.
The bombardier beetle is severely wounded.
The liquid fire burns you!
You hit the bombardier beetle.
You kill the bombardier beetle!
Trog accepts your kill. The liquid fire burns you!
* * * LOW HITPOINT WARNING * * *
You shake off some of the fire as you move.
The liquid fire burns you!
* * * LOW HITPOINT WARNING * * *
The liquid fire burns you!
* * * LOW HITPOINT WARNING * * *
You feel much better. The liquid fire burns you! The liquid fire burns you!
The liquid fire burns you! The liquid fire burns you!
* * * LOW HITPOINT WARNING * * *
The liquid fire burns you!
* * * LOW HITPOINT WARNING * * *
The liquid fire burns you!
* * * LOW HITPOINT WARNING * * *
The liquid fire burns you!
* * * LOW HITPOINT WARNING * * *
You feel better. The liquid fire burns you!
* * * LOW HITPOINT WARNING * * *
Your skin crawls.
You feel strong-willed. The liquid fire burns you!
* * * LOW HITPOINT WARNING * * *
Unknown command.
The liquid fire burns you!
* * * LOW HITPOINT WARNING * * *
The liquid fire burns you!
* * * LOW HITPOINT WARNING * * *
Okay, then.
The liquid fire burns you!
You die...

.#.## ....# ....# #...#
####...## #.......#
..####......#
.......@...#
####.......# #...†...#
####.......# #.
#<.........# #.#
#.###......... ####.#
#.# ..........
.....####.#.#..........
#....##.#..........##


There were no monsters in sight!

Vanquished Creatures
  Sigmund (D:3)
  A bombardier beetle (D:4)
  4 adders (D:3)
  A ribbon worm (D:3)
  5 dart slugs
  An orc (D:3)
  5 bats
  4 endoplasms
  2 giant cockroaches
  2 goblins
  7 hobgoblins
  3 jackals (D:1)
  A quokka (D:1)
  A ball python (D:2)
  7 frilled lizards
  7 kobolds
  6 rats
58 creatures vanquished.

Notes
Turn   | Place    | Note
-------+----------+-------------------------------------------
     0 | D:1      | edsrzf the Mountain Dwarf Berserker began the quest for the
                  | Orb.
     0 | D:1      | Reached XP level 1. HP: 19/19 MP: 1/1
   110 | D:1      | Reached skill level 4 in Axes
   149 | D:1      | Reached XP level 2. HP: 26/26 MP: 2/2
   311 | D:1      | Reached ** piety under Trog
   312 | D:1      | Reached skill level 5 in Axes
   449 | D:1      | Reached XP level 3. HP: 31/31 MP: 3/3
  1793 | D:3      | Reached skill level 6 in Axes
  1793 | D:3      | Reached XP level 4. HP: 24/38 MP: 4/4
  1939 | D:3      | Found a broken altar of Ashenzari.
  2608 | D:3      | Found an ornate altar of the Wu Jian Council.
  2653 | D:3      | Noticed Sigmund
  2667 | D:3      | Killed Sigmund
  2668 | D:3      | Reached skill level 8 in Axes
  2668 | D:3      | Reached XP level 5. HP: 45/45 MP: 5/5
  2668 | D:3      | Reached XP level 6. HP: 51/51 MP: 6/6
  2782 | D:3      | Found a glowing silver altar of Zin.
  2782 | D:3      | Noticed an angel
  2798 | D:4      | Identified 3 scrolls of teleportation
  2799 | D:4      | Identified 4 scrolls of identify
  2799 | D:4      | Identified a potion of curing
  2800 | D:4      | Identified a potion of enlightenment
  2801 | D:4      | Identified a potion of heal wounds
  2802 | D:4      | Identified a potion of degeneration
  2843 | D:4      | HP: 2/51 [burnt (4)]
  2844 | D:4      | Incinerated by a bombardier beetle

Illustrated notes

Levels and vault maps discovered:
D:1:      elethiomel_arrival_infinity_welcomes_careful_drivers,
          layout_loops_ring
D:2:      layout_loops_cross
D:3:      layout_loops_corners, cheibrodos_ashenzari_chains, zin_angel,
          nzn_wu_jian_contemplation, grunt_decor_clamped, uniq_sigmund
D:4:      layout_basic, trog_ov_bears_minmay, elyvilon_altar_4,
          cheibrodos_sewer_entry_bend

Skill      XL: |  1  2  3  4 |
---------------+-------------+-----
Axes           | 4 5 6 8 |  8.4
Fighting       | |  3.2
Armour         | |  2.1
Dodging        | |  1.3

Action                     |  1- 3 |  4- 6 || total
---------------------------+-------+-------++-------
  Melee: Hand axe          |   111 |    76 ||   187
 Invoke: Berserk           |     1 |       ||     1
         Trog's Hand       |       |     2 ||     2
    Use: Scroll            |       |     5 ||     5
         Potion            |       |     2 ||     2
 Armour: Animal skin       |    71 |    12 ||    83
         Chain mail        |       |    35 ||    35
  Dodge: Dodged            |    56 |    24 ||    80

Table legend: (Time is in decaauts)
 A = Elapsed time spent in this place.
 B = Non-inter-level travel time spent in this place.
 C = Inter-level travel time spent in this place.
 D = Time resting spent in this place.
 E = Time spent auto-exploring this place.
 F = Levels seen in this place.
 G = Mean time per level.
                   A        B        C        D        E       F      G
               +--------+--------+--------+--------+--------+-----+--------+
         Total |   2860 |   2773 |     87 |    134 |   2037 |   4 |  715.0 |
       Dungeon |   2860 |   2773 |     87 |    134 |   2037 |   4 |  715.0 |
               +--------+--------+--------+--------+--------+-----+--------+

Top non-repeatable levels by time:
     D:3: 1280 daAuts
     D:1: 841 daAuts
     D:2: 692 daAuts
     D:4: 45 daAuts
